SL
ROCKY MOUNTAIN NUGGETS @ DETROIT REAPERS
09/23/2020
 
TOP OF THE 1ST
Rocky Mountain Nuggets batting - Pitching for Detroit Reapers : RHP Francisco López
Pitching: RHP Francisco López
Batting: RHB Paul Smith 0-0: Called Strike
0-1: Ball
1-1: Swinging Strike
1-2: Strikes out looking
Batting: SHB Quan Ge 0-0: Fly out, F7 (Flyball, 78D)
Batting: RHB David Verhoeve 0-0: Called Strike
0-1: Foul Ball, location: 2F
0-2: Foul Ball, location: 2F
0-2: Ball
1-2: Ball
2-2: SINGLE (Line Drive, 56D)
Batting: LHB Randy Bowen 0-0: Ball
David Verhoeve is caught stealing 2nd base
Top of the 1st over - 0 run(s), 1 hit(s), 0 error(s), 0 left on base; Rocky Mountain 0 - Detroit 0
BOTTOM OF THE 1ST
Detroit Reapers batting - Pitching for Rocky Mountain Nuggets : RHP Félix Jiménez
Pitching: RHP Félix Jiménez
Batting: LHB Ryan Westlake 0-0: Swinging Strike
0-1: Foul Ball, location: 2F
0-2: Strikes out swinging
Batting: SHB Eiji Suzuki 0-0: Foul Ball, location: 2F
0-1: Ball
Error on foul ball, E3
1-2: Fly out, F6 (Popup, 6D)
Batting: RHB Bart Lewis 0-0: Ball
1-0: Called Strike
1-1: Foul Ball, location: 2F
1-2: Ball
2-2: Ball
3-2: Ground out 6-3 (Groundball, 56)
Bottom of the 1st over - 0 run(s), 0 hit(s), 1 error(s), 0 left on base; Rocky Mountain 0 - Detroit 0
TOP OF THE 2ND
Rocky Mountain Nuggets batting - Pitching for Detroit Reapers : RHP Francisco López
Batting: LHB Randy Bowen 0-0: Called Strike
0-1: Foul Ball, location: 2F
0-2: Ball
1-2: Ball
2-2: Foul Ball, location: 2F
2-2: Strikes out swinging
Batting: RHB Juan Ávila 0-0: Called Strike
0-1: Ball
1-1: Foul Ball, location: 2F
1-2: Strikes out swinging
Batting: RHB Mark Melton 0-0: Called Strike
0-1: Ground out 1-3 (Groundball, 23)
Top of the 2nd over - 0 run(s), 0 hit(s), 0 error(s), 0 left on base; Rocky Mountain 0 - Detroit 0
BOTTOM OF THE 2ND
Detroit Reapers batting - Pitching for Rocky Mountain Nuggets : RHP Félix Jiménez
Batting: RHB Alan Elder 0-0: Ball
1-0: Ball
2-0: Ball
3-0: Base on Balls
Batting: RHB Joey Morgan 0-0: Ball
1-0: Grounds into double play, 5-4-3 (Groundball, 56)
Batting: RHB Jack Weber 0-0: Swinging Strike
0-1: Swinging Strike
0-2: Ball
1-2: Ball
2-2: Strikes out swinging
Bottom of the 2nd over - 0 run(s), 0 hit(s), 0 error(s), 0 left on base; Rocky Mountain 0 - Detroit 0
TOP OF THE 3RD
Rocky Mountain Nuggets batting - Pitching for Detroit Reapers : RHP Francisco López
Batting: RHB Xie-li Kan 0-0: SINGLE (Line Drive, 4MD)
Batting: LHB Egidio Agnolutto 0-0: Ball
1-0: Foul Ball, location: 2F
1-1: Swinging Strike
1-2: Strikes out swinging
Batting: RHB Félix Jiménez 0-0: Sac Bunt - play at first, batter OUT! 5-4
Xie-li Kan to second
Batting: RHB Paul Smith 0-0: Called Strike
0-1: Ball
1-1: Foul Ball, location: 2F
1-2: Foul Ball, location: 2F
1-2: Foul Ball, location: 2F
1-2: Strikes out swinging
Top of the 3rd over - 0 run(s), 1 hit(s), 0 error(s), 1 left on base; Rocky Mountain 0 - Detroit 0
BOTTOM OF THE 3RD
Detroit Reapers batting - Pitching for Rocky Mountain Nuggets : RHP Félix Jiménez
Batting: RHB Carlos Pérez 0-0: Swinging Strike
0-1: Ground out 5-3 (Groundball, 5)
Batting: RHB Francisco López 0-0: Fly out, F7 (Flyball, 78M)
Batting: RHB Kevin Howard 0-0: DOUBLE (Line Drive, 78S)
Batting: LHB Ryan Westlake 0-0: Swinging Strike
0-1: Foul Ball, location: 2F
0-2: Ball
1-2: Ball
2-2: Foul Ball, location: 2F
2-2: Ball
3-2: Strikes out swinging
Bottom of the 3rd over - 0 run(s), 1 hit(s), 0 error(s), 1 left on base; Rocky Mountain 0 - Detroit 0
TOP OF THE 4TH
Rocky Mountain Nuggets batting - Pitching for Detroit Reapers : RHP Francisco López
Batting: SHB Quan Ge 0-0: Swinging Strike
0-1: Foul Ball, location: 2F
0-2: Fly out, F6 (Line Drive, 6M)
Batting: RHB David Verhoeve 0-0: Ball
1-0: Ball
2-0: Ball
3-0: Called Strike
Single, Error in OF, E8, batter to second base
Batting: LHB Randy Bowen 0-0: Swinging Strike
0-1: Ball
1-1: Foul Ball, location: 2F
1-2: SINGLE (Line Drive, 8LS)
David Verhoeve to third
Batting: RHB Juan Ávila 0-0: Hit by Pitch
Randy Bowen to second
Batting: RHB Mark Melton 0-0: Called Strike
0-1: Ball
1-1: Fly out, F8 (Flyball, 8LD)
Runner from 3rd tags up, SCORES, no throw
Randy Bowen to third
Batting: RHB Xie-li Kan 0-0: Ball
1-0: Ball
2-0: Swinging Strike
2-1: Foul Ball, location: 2F
2-2: Foul Ball, location: 2F
2-2: Strikes out looking
Top of the 4th over - 1 run(s), 2 hit(s), 1 error(s), 2 left on base; Rocky Mountain 1 - Detroit 0
BOTTOM OF THE 4TH
Detroit Reapers batting - Pitching for Rocky Mountain Nuggets : RHP Félix Jiménez
Batting: SHB Eiji Suzuki 0-0: Ball
1-0: Foul Ball, location: 2F
1-1: Swinging Strike
1-2: Ball
2-2: Strikes out swinging
Batting: RHB Bart Lewis 0-0: Foul Ball, location: 2F
0-1: SOLO HOME RUN (Flyball, 78XD), Distance : 428 ft
Batting: RHB Alan Elder 0-0: Ball
1-0: Ground out 4-3 (Groundball, 4M)
Batting: RHB Joey Morgan 0-0: Ball
1-0: Called Strike
1-1: Ball
2-1: Swinging Strike
2-2: Foul Ball, location: 2F
2-2: Strikes out looking
Bottom of the 4th over - 1 run(s), 1 hit(s), 0 error(s), 0 left on base; Rocky Mountain 1 - Detroit 1
TOP OF THE 5TH
Rocky Mountain Nuggets batting - Pitching for Detroit Reapers : RHP Francisco López
Batting: LHB Egidio Agnolutto 0-0: Called Strike
0-1: Ball
1-1: Foul Ball, location: 2F
1-2: Ball
2-2: Ground out 6-3 (Groundball, 6M)
Batting: RHB Félix Jiménez 0-0: Ball
1-0: Fly out, F8 (Line Drive, 8RS)
Batting: RHB Paul Smith 0-0: Fly out, F6 (Line Drive, 6D)
Top of the 5th over - 0 run(s), 0 hit(s), 0 error(s), 0 left on base; Rocky Mountain 1 - Detroit 1
BOTTOM OF THE 5TH
Detroit Reapers batting - Pitching for Rocky Mountain Nuggets : RHP Félix Jiménez
Batting: RHB Jack Weber 0-0: Called Strike
0-1: Foul Ball, location: 2F
0-2: Foul Ball, location: 2F
0-2: Foul Ball, location: 2F
0-2: Ground out 5-3 (Groundball, 56)
Batting: RHB Carlos Pérez 0-0: Ball
1-0: Swinging Strike
1-1: Foul Ball, location: 2F
1-2: Strikes out looking
Batting: RHB Francisco López 0-0: Ground out 5-3 (Groundball, 5S)
Bottom of the 5th over - 0 run(s), 0 hit(s), 0 error(s), 0 left on base; Rocky Mountain 1 - Detroit 1
TOP OF THE 6TH
Rocky Mountain Nuggets batting - Pitching for Detroit Reapers : RHP Francisco López
Batting: SHB Quan Ge 0-0: Ball
1-0: Fly out, F2 (Popup, 2RF)
Batting: RHB David Verhoeve 0-0: Swinging Strike
0-1: Foul Ball, location: 2F
0-2: Ball
1-2: Strikes out swinging
Batting: LHB Randy Bowen 0-0: Fly out, F7 (Flyball, 7LM)
Top of the 6th over - 0 run(s), 0 hit(s), 0 error(s), 0 left on base; Rocky Mountain 1 - Detroit 1
BOTTOM OF THE 6TH
Detroit Reapers batting - Pitching for Rocky Mountain Nuggets : RHP Félix Jiménez
Batting: RHB Kevin Howard 0-0: Swinging Strike
0-1: Ball
1-1: Ball
2-1: Foul Ball, location: 2F
2-2: Strikes out swinging
Batting: LHB Ryan Westlake 0-0: Ball
1-0: Called Strike
1-1: Ball
2-1: Called Strike
2-2: Strikes out swinging
Batting: SHB Eiji Suzuki 0-0: Called Strike
0-1: SINGLE (Groundball, 4MD)
Batting: RHB Bart Lewis 0-0: Fly out, F7 (Flyball, 7D)
Bottom of the 6th over - 0 run(s), 1 hit(s), 0 error(s), 1 left on base; Rocky Mountain 1 - Detroit 1
TOP OF THE 7TH
Rocky Mountain Nuggets batting - Pitching for Detroit Reapers : RHP Francisco López
Pinch Hitting: LHB Juan Ríos 0-0: Ball
1-0: Foul Ball, location: 2F
1-1: Ground out 4-3 (Groundball, 4)
Batting: RHB Mark Melton 0-0: Called Strike
0-1: Called Strike
0-2: Ground out 2-3 (Groundball, 2R)
Pinch Hitting: LHB Peter Paul 0-0: Ball
1-0: Ball
2-0: Ball
3-0: Called Strike
3-1: Called Strike
3-2: Base on Balls
Batting: LHB Egidio Agnolutto 0-0: Ball
1-0: Foul Ball, location: 2F
1-1: Hit by Pitch
Peter Paul to second
Batting: RHB Félix Jiménez 0-0: Ball
1-0: Ball
2-0: Ball
3-0: Base on Balls
Peter Paul to third
Egidio Agnolutto to second
Batting: RHB Paul Smith 0-0: Ball
1-0: Ball
2-0: Ball
3-0: Called Strike
3-1: Foul Ball, location: 2F
3-2: Ground out 6-3 (Groundball, 56)
Top of the 7th over - 0 run(s), 0 hit(s), 0 error(s), 3 left on base; Rocky Mountain 1 - Detroit 1
BOTTOM OF THE 7TH
Detroit Reapers batting - Pitching for Rocky Mountain Nuggets : RHP Félix Jiménez
Now at 1B: Peter Paul
Now in LF: Juan Ríos
Batting: RHB Alan Elder 0-0: Called Strike
0-1: Foul Ball, location: 2F
0-2: Strikes out looking
Batting: RHB Joey Morgan 0-0: Ball
1-0: Ball
2-0: Fly out, F8 (Flyball, 8RM)
Pinch Hitting: RHB Abílio Conceio 0-0: Called Strike
0-1: Ball
1-1: Swinging Strike
1-2: Strikes out looking
Bottom of the 7th over - 0 run(s), 0 hit(s), 0 error(s), 0 left on base; Rocky Mountain 1 - Detroit 1
TOP OF THE 8TH
Rocky Mountain Nuggets batting - Pitching for Detroit Reapers : RHP Francisco López
Now at SS: Roger Wheeler
Batting: SHB Quan Ge 0-0: SINGLE (Line Drive, 89S)
Batting: RHB David Verhoeve 0-0: Ball
1-0: Foul Ball, location: 2F
1-1: Swinging Strike
1-2: Foul Ball, location: 2F
1-2: Ball
2-2: Ball
3-2: Strikes out swinging
Pitching: RHP Luis Ríos
Batting: LHB Randy Bowen 0-0: Foul Ball, location: 2F
0-1: Ball
1-1: Fly out, F9 (Flyball, 89M)
Batting: LHB Juan Ríos 0-0: Called Strike
0-1: Ball
1-1: Ground out 3-1 (Groundball, 34S)
Top of the 8th over - 0 run(s), 1 hit(s), 0 error(s), 1 left on base; Rocky Mountain 1 - Detroit 1
BOTTOM OF THE 8TH
Detroit Reapers batting - Pitching for Rocky Mountain Nuggets : RHP Félix Jiménez
Batting: RHB Carlos Pérez 0-0: Foul Ball, location: 2F
0-1: Ground out 5-3 (Groundball, 5L)
Pinch Hitting: LHB Orlando Trevino 0-0: Ball
1-0: Foul Ball, location: 2F
1-1: Called Strike
1-2: Ground out 4-3 (Groundball, 4)
Batting: RHB Kevin Howard 0-0: Swinging Strike
0-1: Ball
1-1: Ball
2-1: Called Strike
2-2: Foul Ball, location: 2F
2-2: Ball
3-2: Strikes out looking
Bottom of the 8th over - 0 run(s), 0 hit(s), 0 error(s), 0 left on base; Rocky Mountain 1 - Detroit 1
TOP OF THE 9TH
Rocky Mountain Nuggets batting - Pitching for Detroit Reapers : RHP Luis Ríos
Pitching: RHP Pete Wood
Pinch Hitting: LHB Jason Potter 0-0: Ball
1-0: Foul Ball, location: 2F
1-1: Foul Ball, location: 2F
1-2: Foul Ball, location: 2F
1-2: Foul Ball, location: 2F
1-2: Ball
2-2: Strikes out swinging
Batting: LHB Peter Paul 0-0: Ball
1-0: Swinging Strike
1-1: Ground out U3 (Groundball, 3)
Batting: LHB Egidio Agnolutto 0-0: Called Strike
0-1: Ground out 4-3 (Groundball, 4)
Top of the 9th over - 0 run(s), 0 hit(s), 0 error(s), 0 left on base; Rocky Mountain 1 - Detroit 1
BOTTOM OF THE 9TH
Detroit Reapers batting - Pitching for Rocky Mountain Nuggets : RHP Félix Jiménez
Now at SS: Mark O'Monaghan
Batting: LHB Ryan Westlake 0-0: Ball
1-0: Called Strike
1-1: Swinging Strike
1-2: SINGLE (Groundball, 34)
Pitching: RHP Juan Carlos Maestas
Batting: SHB Eiji Suzuki 0-0: Called Strike
0-1: Ball
1-1: Fly out, F2 (Popup, 2RF)
Batting: RHB Bart Lewis 0-0: Ball
1-0: Foul Ball, location: 2F
1-1: Called Strike
1-2: Hit by Pitch
Ryan Westlake to second
Batting: RHB Alan Elder 0-0: Ball
1-0: Swinging Strike
1-1: Foul Ball, location: 2F
1-2: Ball
2-2: Ball
3-2: Strikes out swinging
Batting: RHB Joey Morgan 0-0: Swinging Strike
0-1: Ball
1-1: Called Strike
1-2: Strikes out swinging
Bottom of the 9th over - 0 run(s), 1 hit(s), 0 error(s), 2 left on base; Rocky Mountain 1 - Detroit 1
TOP OF THE 10TH
Rocky Mountain Nuggets batting - Pitching for Detroit Reapers : RHP Pete Wood
Pinch Hitting: SHB Jorge Colomo 0-0: Called Strike
0-1: Foul Ball, location: 2F
0-2: Ball
1-2: Ball
2-2: Foul Ball, location: 2F
2-2: DOUBLE (Line Drive, 7LS)
Batting: RHB Paul Smith 0-0: Ball
1-0: Ball
2-0: Ball
3-0: Swinging Strike
3-1: Swinging Strike
3-2: Foul Ball, location: 2F
3-2: Strikes out swinging
Batting: SHB Quan Ge 0-0: Foul Ball, location: 2F
0-1: Ball
1-1: Ground out 1-3 (Groundball, 13S)
Jorge Colomo to third
Batting: RHB David Verhoeve 0-0: Fly out, F4 (Popup, 3F)
Top of the 10th over - 0 run(s), 1 hit(s), 0 error(s), 1 left on base; Rocky Mountain 1 - Detroit 1
BOTTOM OF THE 10TH
Detroit Reapers batting - Pitching for Rocky Mountain Nuggets : RHP Juan Carlos Maestas
Pitching: RHP Artie Horton
Pinch Hitting: SHB Will Brock 0-0: Foul Ball, location: 2F
0-1: Ball
1-1: Ball
2-1: Ball
3-1: Called Strike
3-2: Foul Ball, location: 2F
3-2: Foul Ball, location: 2F
3-2: Fly out, F9 (Flyball, 89D)
Batting: RHB Carlos Pérez 0-0: SOLO HOME RUN (Flyball, 7LD), Distance : 365 ft
This league is powered by Out of the Park Baseball, the baseball management simulation game for PC, Mac and Linux
Friday, October 23rd, 2015 - OOTP Baseball 16.9 Build 39